 Dungeon Crawl Stone Soup version 0.31-a0-1074-g0b22e4e0f1 (webtiles) character file.

Game seed: 5539824246727970931

114 lunkers the Insei (level 5, 0/60 HPs)
             Began as a Meteoran Shapeshifter on Nov 30, 2023.
             Succumbed to a gnoll's poison
             ... on level 3 of the Dungeon.
             The game lasted 00:02:32 (1145 turns).

lunkers the Insei (Meteoran Shapeshifter)           Turns: 1145, Time: 00:02:32

Health: 0/60       AC: 22    Str: 15    XL:     5   Next: 42%
Magic:  6/6        EV:  2    Int: 11    God:
Gold:   79         SH:  0    Dex: 16    Spells: 4/4 levels left

rFire   . .          .
                       - Unarmed
rCold   . . .        (no shield)
rNeg    . . .        e - melded +0 chain mail {Will+}
rPois   +            (helmet currently unavailable)
rElec   .            (cloak currently unavailable)
rCorr   .            (gloves currently unavailable)
SInv    .            (boots currently unavailable)
Will    .....        (no amulet)
Stlth   +            (no ring)
HPRegen 0.30/turn    (no ring)
MPRegen 0.10/turn

%: no passive effects
@: lethally poisoned (0 -> -9), tree-form, glowing
A: stationary, stasis, torment immunity, boosted hp, sense surroundings 1,
otherworldly, glowing, explore regen
a: no special abilities


You were on level 3 of the Dungeon.
You were a tree.
You visited 1 branch of the dungeon, and saw 3 of its levels.

You collected 79 gold pieces.

Inventory:

Missiles
 i - a throwing net
Armour
 a - a +0 animal skin
 e - a +0 chain mail of willpower (melded)
Jewellery
 n - a ring of wizardry
Talismans
 c - a beast talisman
 d - a flux talisman
Scrolls
 g - 4 scrolls of teleportation {unknown}
 h - 2 scrolls of identify {unknown}
 k - a scroll of blinking {unknown}
 l - a scroll of revelation {unknown}
Potions
 b - a potion of lignification
 f - a potion of heal wounds {unknown}
 j - a potion of haste {unknown}
 m - a potion of magic {unknown}


   Skills:
 - Level 1.1 Fighting
 - Level 2.1 Dodging
 * Level 5.8 Unarmed Combat
 + Level 4.6 Shapeshifting


You had 4 spell levels left.
You didn't know any spells.
Your spell library was empty.

Dungeon Overview and Level Annotations

Branches:
Dungeon (3/15) Zot: 664

Altars:


Innate Abilities, Weirdness & Mutations

You are a tree.
Your roots penetrate the ground, keeping you stationary.
You cannot be teleported.
You are immune to unholy pain and torment.
Your maximum health is greatly increased.
Your equipment is partially melded.
You passively map a small area around you.
You are easily found by Zot.
You glow in the dark.
You regain HP and MP as you explore.


Message History

* * * LOW HITPOINT WARNING * * *
The gnoll hits you but does no damage. x2
You are more poisoned.
Unknown command.
Okay, then.
Unknown command.
Your transformation has ended.
You turn into a tree.
Your +0 chain mail of willpower melds into your body.
You feel less strong-willed.
Your roots penetrate the ground.
* * * LOW HITPOINT WARNING * * *
You feel very sick. The gnoll hits you with a +0 halberd.
* * * LOW HITPOINT WARNING * * *
The gnoll hits you but does no damage. x2
You hit the gnoll.
The gnoll is severely wounded.
* * * LOW HITPOINT WARNING * * *
You feel very sick. The gnoll hits you with a +0 halberd!
* * * LOW HITPOINT WARNING * * *
The gnoll barely misses you. x2
You smack the gnoll!
You kill the gnoll!
* * * LOW HITPOINT WARNING * * *
You feel very sick.
The gnoll hits you but does no damage. x2
You smack the gnoll!
You kill the gnoll!
* * * LOW HITPOINT WARNING * * *
You feel very sick.
You cannot move.
Unknown command.
You cannot move.
Unknown command.
You cannot move.
Unknown command.
You cannot move.
You barely miss the gnoll.
You die...

#.# #.# #.# #.#
#.##############
#.......^......#
#..............#
##.##########.)#
#.# #.♣# #.#
#g)# #.# #..# #
#.# ,...# ####.#
*.##.# .....# #.
#.# ###### *#
#.# # , ... , *
,


You could see a gnoll.

Vanquished Creatures
  5 gnolls
  3 adders
  A worm (D:2)
  An orc (D:3)
  5 ball pythons
  An endoplasm (D:1)
  A giant cockroach (D:2)
  3 goblins
  5 hobgoblins
  2 jackals (D:1)
  A quokka (D:1)
  2 bats
  3 kobolds
  3 rats
36 creatures vanquished.

Notes
Turn   | Place    | Note
-------+----------+-------------------------------------------
     0 | D:1      | lunkers the Meteoran Shapeshifter began the quest for the
                  | Orb.
     0 | D:1      | Reached XP level 1. HP: 16/16 MP: 2/2
   116 | D:1      | Reached skill level 4 in Unarmed Combat
   116 | D:1      | Reached XP level 2. HP: 23/23 MP: 3/3
   502 | D:1      | Glimpsed the power of Zot.
   552 | D:1      | Glimpsed the power of Zot.
   573 | D:2      | Reached XP level 3. HP: 20/28 MP: 4/4
   755 | D:2      | Reached XP level 4. HP: 21/35 MP: 5/5
   756 | D:2      | Reached skill level 5 in Unarmed Combat
   931 | D:3      | Reached XP level 5. HP: 40/40 MP: 6/6
  1144 | D:3      | HP: 1/60 [poisoned by a gnoll]
  1145 | D:3      | Succumbed to a gnoll's poison

Illustrated notes

Levels and vault maps discovered:
D:1:      dpeg_arrival_connections, layout_basic,
          hellmonk_ecumenical_altar_inner_sanctum, st_stairs_14,
          minmay_shallow_snake_nest
D:2:      layout_basic
D:3:      cheibrodos_greedy_goblins, layout_loops_ring,
          mainiacjoe_overflow_small_starburst, nicolae_elevator_lobby_plus

Skill      XL: |  1  2  3  4 |
---------------+-------------+-----
Unarmed Combat | 4 5 |  5.8
Shapeshifting  | 4 |  4.6
Fighting       | |  1.1
Dodging        | |  2.1

Action                     |  1- 3 |  4- 6 || total
---------------------------+-------+-------++-------
  Melee: Unarmed           |    81 |    28 ||   109
    Use: Potion            |       |     1 ||     1
 Armour: Chain mail        |    64 |    22 ||    86
         Animal skin       |     3 |       ||     3
         Skin              |       |     6 ||     6
  Dodge: Dodged            |    28 |    10 ||    38

Table legend: (Time is in decaauts)
 A = Elapsed time spent in this place.
 B = Non-inter-level travel time spent in this place.
 C = Inter-level travel time spent in this place.
 D = Time resting spent in this place.
 E = Time spent auto-exploring this place.
 F = Levels seen in this place.
 G = Mean time per level.
                   A        B        C        D        E       F      G
               +--------+--------+--------+--------+--------+-----+--------+
         Total |   1135 |   1045 |     90 |      0 |    794 |   3 |  378.3 |
       Dungeon |   1135 |   1045 |     90 |      0 |    794 |   3 |  378.3 |
               +--------+--------+--------+--------+--------+-----+--------+

Top non-repeatable levels by time:
     D:1: 552 daAuts
     D:2: 329 daAuts
     D:3: 253 daAuts
